 Dungeon Crawl Stone Soup version 0.29.1-12-g30fa7ad0bf (webtiles) character file.

Game seed: 17723826448843201767

81 javelincjr the Shooter (level 4, 0/37 HPs)
             Began as a Minotaur Hunter on Jan 11, 2023.
             Slain by an orc wizard
             ... wielding a +0 dagger
              (1 damage)
             ... on level 3 of the Dungeon.
             The game lasted 00:09:10 (1384 turns).

javelincjr the Shooter (Minotaur Hunter)            Turns: 1384, Time: 00:09:10

Health: 0/37       AC: 10    Str: 16    XL:     4   Next: 19%
Magic:  3/3        EV: 10    Int:  6    God:
Gold:   131        SH:  0    Dex: 15    Spells: 3/3 levels left

rFire   . . .      SeeInvis .   a - +0 shortbow
rCold   . . .      Faith    .   (shield currently unavailable)
rNeg    . . .      Spirit   .   m - +0 scale mail
rPois   .          Reflect  .   (helmet restricted)
rElec   .          Harm     .   (no cloak)
rCorr   .          Rampage  .   g - +0 pair of gloves
Will    .....                   h - +2 pair of boots
Stlth   ..........              (no amulet)
HPRegen 0.12/turn               (no ring)
MPRegen 0.08/turn               (no ring)

@: no status effects
A: horns 2, retaliatory headbutt
a: no special abilities


You were on level 3 of the Dungeon.
You visited 1 branch of the dungeon, and saw 3 of its levels.

You collected 131 gold pieces.

Inventory:

Hand Weapons
 a - a +0 shortbow (weapon)
 e - a +0 dagger
Armour
 c - a +0 leather armour
 g - a +0 pair of gloves (worn)
 h - a +2 pair of boots (worn)
 m - a +0 scale mail (worn)
Magical Staves
 q - a staff of air
Jewellery
 o - a ring of see invisible
Scrolls
 b - 2 scrolls of immolation
 d - 2 scrolls of noise {unknown}
 f - a scroll of enchant weapon {unknown}
 i - 4 scrolls of poison {unknown}
 j - a scroll of fear {unknown}
 k - a scroll of identify {unknown}
 l - a scroll of fog {unknown}
 r - a scroll of vulnerability {unknown}
Potions
 n - a potion of brilliance {unknown}
 p - a potion of lignification {unknown}
 s - a potion of curing {unknown}
 t - a potion of might {unknown}
 u - a potion of invisibility {unknown}


   Skills:
 + Level 2.9 Fighting
 + Level 5.8 Ranged Weapons
 + Level 2.4 Dodging
 + Level 1.2 Stealth


You had 3 spell levels left.
You didn't know any spells.
Your spell library was empty.

Dungeon Overview and Level Annotations

Branches:
Dungeon (3/15)

Altars:

Shops:
D:2 :


Innate Abilities, Weirdness & Mutations

You have a pair of horns on your head.
You reflexively headbutt those who attack you in melee.


Message History

You hear a shout!
Fire: a) +0 shortbow
Press: ? - help, Q - select action Shift-Dir - straight line, f/p - orc priest
Aim: an orc priest, wielding a +0 flail and wearing a +0 scale mail (65% to hit)
You shoot an arrow.
The arrow hits the orc priest but does no damage.
Fire: a) +0 shortbow
Press: ? - help, Q - select action Shift-Dir - straight line, f/p - orc priest
Aim: an orc priest, wielding a +0 flail and wearing a +0 scale mail (65% to hit)
You shoot an arrow. The arrow barely misses the orc priest.
The arrow hits the orc wizard.
The orc wizard is moderately wounded.
The orc priest calls upon Beogh to heal the orc wizard.
The orc wizard's wounds heal themselves!
Fire: a) +0 shortbow
Press: ? - help, Q - select action Shift-Dir - straight line, f/p - orc priest
Aim: an orc priest, wielding a +0 flail and wearing a +0 scale mail (65% to hit)
You shoot an arrow. The arrow hits the orc priest.
The orc priest is lightly wounded.
An orc comes into view. It is wielding a +0 hand axe.
The orc priest calls down the wrath of Beogh upon you.
Pain shoots through your body!
Fire: a) +0 shortbow
Press: ? - help, Q - select action Shift-Dir - straight line, f/p - orc priest
Aim: an orc priest, wielding a +0 flail and wearing a +0 scale mail (lightly wounded, 65% to hit)
You shoot an arrow. The arrow hits the orc priest!
The orc priest is severely wounded.
The orc wizard casts a spell.
The orc wizard flickers and vanishes!
Deactivating autopickup; reactivate with Ctrl-A.
Fire: a) +0 shortbow
Press: ? - help, Q - select action Shift-Dir - straight line, f/p - orc priest
Aim: an orc priest, wielding a +0 flail and wearing a +0 scale mail (severely wounded, 65% to hit)
You shoot an arrow. The arrow hits the orc priest.
The orc priest is almost dead.
The orc priest mumbles some strange prayers to Beogh against you.
Beogh smites you!
* * * LOW HITPOINT WARNING * * *
Something hits you.
You die...

#.##<# #<.#
#.##.# #..#
#.##.# #..#
#.##.# #..#
#.##.#######
#...........
####........
#..######
#.@# #.o#
#..# #..#
#..o #...
###.# ..


You could see an orc priest and an orc.

Vanquished Creatures
  4 adders
  A worm (D:2)
  6 bats
  3 endoplasms
  2 giant cockroaches
  5 goblins
  4 hobgoblins
  3 quokkas
  6 ball pythons
  2 frilled lizards
  2 kobolds (D:1)
  2 rats
40 creatures vanquished.

Notes
Turn   | Place    | Note
-------+----------+-------------------------------------------
     0 | D:1      | javelincjr the Minotaur Hunter began the quest for the Orb.
     0 | D:1      | Reached XP level 1. HP: 18/18 MP: 0/0
    99 | D:1      | Reached XP level 2. HP: 25/25 MP: 1/1
   221 | D:1      | Reached skill level 5 in Ranged Weapons
   413 | D:1      | Found a faded altar of an unknown god.
   682 | D:2      | Reached XP level 3. HP: 29/30 MP: 2/2
   713 | D:2      | Found Qema's Book Emporium.
   923 | D:2      | Reached skill level 1 in Stealth
  1180 | D:2      | Reached XP level 4. HP: 37/37 MP: 3/3
  1384 | D:3      | HP: 1/37 [orc priest/divine providence (13)]
  1384 | D:3      | Slain by an orc wizard

Illustrated notes

Levels and vault maps discovered:
D:1:      lightli_arrival_flooded_house, layout_basic,
          ebering_ecumenical_altar_abandoned
D:2:      layout_basic, serial_shops, nicolae_shop_competitors_out_of_business
D:3:      layout_loops_ring, uniq_jessica

Skill      XL: |  1  2  3 |
---------------+----------+-----
Ranged Weapons | 5 |  5.8
Stealth        | 1 |  1.2
Fighting       | |  2.9
Dodging        | |  2.4

Action                   |  1- 3 |  4- 6 || total
-------------------------+-------+-------++-------
 Fire: Shortbow          |    83 |    24 ||   107
Armor: Leather armour    |     6 |       ||     6
       Scale mail        |       |    14 ||    14
Dodge: Dodged            |    27 |     7 ||    34
